 Dungeon Crawl Stone Soup version 0.30.0-29-ga12c61a403 (webtiles) character file.

Game seed: 9794075398834693898

46 BONEBRO the Poker (level 3, -3/24 HPs)
             Began as a Merfolk Summoner on June 25, 2023.
             Slain by a goblin
             ... wielding a +0 club
             ... led by Robin
              (5 damage)
             ... on level 3 of the Dungeon.
             The game lasted 00:05:17 (1226 turns).

BONEBRO the Poker (Merfolk Summoner)                Turns: 1226, Time: 00:05:18

Health: -3/24      AC:  2    Str: 10    XL:     3   Next: 68%
Magic:  4/6        EV: 12    Int: 14    God:
Gold:   59         SH:  0    Dex: 14    Spells: 5/6 levels left

rFire   . . .        g - +0 club
rCold   . . .        (no shield)
rNeg    . . .        a - +0 robe
rPois   .            (no helmet)
rElec   .            (no cloak)
rCorr   .            (no gloves)
SInv    .            (no boots)
Will    .....        (no amulet)
Stlth   ++           (no ring)
HPRegen 0.24/turn    (no ring)
MPRegen 0.10/turn

%: no passive effects
@: no status effects
A: (nimble swimmer 2), mertail
a: no special abilities


You were on level 3 of the Dungeon.
You visited 1 branch of the dungeon, and saw 3 of its levels.

You collected 59 gold pieces.

Inventory:

Hand Weapons
 c - a +0 short sword
 g - a +0 club (weapon)
 j - a +0 morningstar
Armour
 a - a +0 robe (worn)
Scrolls
 e - a scroll of silence {unknown}
 f - a scroll of butterflies {unknown}
 i - a scroll of identify {unknown}
 k - a scroll of fear {unknown}
Potions
 b - a potion of magic
 d - a potion of attraction {unknown}
 h - 2 potions of might {unknown}


   Skills:
 + Level 4.3 Polearms
 - Level 2.6 Dodging
 - Level 2.1 Stealth
 - Level 2.0 Spellcasting
 - Level 4.0 Summonings


You had 5 spell levels left.
You knew the following spells:

 Your Spells              Type           Power      Damage    Failure   Level
a - Summon Small Mammal   Summ           48%        N/A       4%          1

Your spell library contained the following spells:

 Spells                   Type           Power      Damage    Failure   Level
 Call Imp                 Summ           24%        N/A       7%          2
 Call Canine Familiar     Summ           12%        N/A       14%         3
 Summon Guardian Golem    Hex/Summ       7%         N/A       30%         3
 Blink                    Tloc           2%         N/A       34%         2
 Lesser Beckoning         Tloc           2%         N/A       34%         2
 Momentum Strike          Conj/Tloc      2%         3d8       34%         2
 Gell's Gravitas          Tloc           1%         N/A       56%         3
 Teleport Other           Tloc           1%         N/A       56%         3
 Summon Lightning Spire   Summ/Air       7%         N/A       71%         4


Dungeon Overview and Level Annotations

Branches:
Dungeon (3/15)

Altars:
Zin

Annotations:
D:3 3 runed translucent doors, Robin


Innate Abilities, Weirdness & Mutations

((You are very nimble when in or above water. (Stealth+, EV+, Speed+++)))
Your lower body shifts to a powerful aquatic tail in water.


Message History

The hobgoblin hits your quokka.
Your quokka dies!
Your quokka's corpse disappears in a puff of smoke!
Robin throws the goblin at you! The goblin misses you.
The goblin attacks as you move away! The goblin hits you with a +0 club.
Your rat closely misses the hobgoblin.
A goblin comes into view. It is wielding a +0 dagger.
Your rat bites the hobgoblin but does no damage.
Your rat closely misses the goblin.
Robin throws the goblin at you! The goblin closely misses you.
You hit the goblin.
The goblin is moderately wounded.
Robin throws the goblin at you! The goblin closely misses you.
The hobgoblin hits you.
You hit the goblin.
You kill the goblin!
The goblin barely misses you. The hobgoblin closely misses you.
Your rat bites the hobgoblin.
The goblin closely misses you.
A goblin comes into view. It is wielding a +0 dagger.
The hobgoblin hits you.
* * * LOW HITPOINT WARNING * * *
The goblin hits you with a +0 club.
* * * LOW HITPOINT WARNING * * *
The goblin no longer looks unusually strong.
Your rat closely misses the hobgoblin.
The goblin barely misses you.
Things that are here:
a +0 dagger; a goblin corpse Robin throws the goblin at you!
The goblin unwields a +0 club.
The goblin wields a +0 sling.
The goblin shoots a sling bullet.
The sling bullet barely misses you.
The sling bullet barely misses the goblin.
A goblin comes into view. It is wielding a +0 dagger.
The goblin hits you with a +0 club.
* * * LOW HITPOINT WARNING * * *
The goblin shouts! x2
The goblin no longer looks unusually strong.
Robin roars a battlecry!
The goblins go into a battle-frenzy!
The goblin hits you with a +0 club.
You die...

#.##.##.# #.####... #.##.
#.### ####.##..... .## ......
..#.##.#..# ##
##.#####.#..###.#.##.#... #.#
#.....##......#.#.......#
#.###........#...........####
##g##.###.##.#.<..#.######
#.......#.##.#....#.#
#..###.#.#.##@#......# #..#
#.ggg.gggg.....## #.g#
###.##.#######.# ...# #.##r#
#.# .#### #....# #.# #g
#.##.# #.# g #.##.# #.#
#....# #.# #....# .#


You could see Robin, a hobgoblin (strong, ally target), 5 goblins and a friendly
rat (summoned).

Vanquished Creatures
  An adder (D:3)
  A bat (D:1)
  2 goblins
  5 hobgoblins
  4 jackals
  2 kobolds
  A quokka (D:1)
  A ball python (D:3)
  2 frilled lizards
  A rat (D:3)
20 creatures vanquished.

Vanquished Creatures (collateral kills)
  3 ball pythons
  2 goblins (D:1)
  2 hobgoblins (D:1)
  A jackal (D:3)
  A kobold (D:3)
  A bat (D:1)
  3 rats
13 creatures vanquished.

Grand Total: 33 creatures vanquished

Notes
Turn   | Place    | Note
-------+----------+-------------------------------------------
     0 | D:1      | BONEBRO the Merfolk Summoner began the quest for the Orb.
     0 | D:1      | Reached XP level 1. HP: 13/13 MP: 3/3
    42 | D:1      | Reached skill level 1 in Polearms
   119 | D:1      | Reached XP level 2. HP: 18/19 MP: 1/5
   625 | D:2      | Reached XP level 3. HP: 10/24 MP: 4/6
   682 | D:2      | Found a glowing silver altar of Zin.
   854 | D:3      | Found a runed translucent gate.
   855 | D:3      | Found a runed translucent gate.
   856 | D:3      | Found a runed translucent gate.
  1203 | D:3      | Noticed Robin
  1225 | D:3      | HP: 1/24 [goblin/+0 club[Robin] (3)]
  1226 | D:3      | Slain by a goblin

Illustrated notes

Levels and vault maps discovered:
D:1:      spicycebolla_arrival_xxxplode, layout_basic, minmay_tromino_v4_b
D:2:      layout_basic, basic_altar, uniq_natasha
D:3:      layout_loops_cross, gammafunk_ghost_cemetery, chequers_jeans,
          uniq_robin

Skill      XL: |  1  2  3 |
---------------+----------+-----
Polearms       | 2 3 4 |  4.3
Dodging        | |  2.6
Stealth        | |  2.1
Spellcasting   | |  2.0
Summonings     | |  4.0

Action                     || total
---------------------------++-------
  Melee: Unarmed           ||    15
         Short sword       ||    48
         Tailslap          ||     2
         Punch             ||     2
         Club              ||    41
   Cast: Summon Small Mamm ||    43
   Stab: Sleeping          ||     1
 Armour: Robe              ||    17
  Dodge: Dodged            ||    93
